AA NE
HARRISBURG SENATORS @ BOWIE BAYSOX
07/17/2041
 
TOP OF THE 1ST
Harrisburg Senators batting - Pitching for Bowie Baysox : RHP Max Lockhart
Pitching: RHP Max Lockhart
Batting: RHB Jeff Lee 0-0: Foul Ball, location: 23FF
0-1: Ball
1-1: Foul Ball, location: 5FF
1-2: Ground out 4-3 (Groundball, 34, EV 78.8 MPH)
Batting: RHB Jake Johnson 0-0: Swinging Strike
0-1: Ball
1-1: Ball
2-1: SINGLE (Groundball, 56D, EV 95.6 MPH)
Batting: RHB Esteban Gonzáles 0-0: Foul Ball, location: 2F
0-1: Ball
1-1: Ball
2-1: Ball
3-1: Base on Balls
Jake Johnson to second
Batting: LHB Josh Battle 0-0: Ball
1-0: Fielders Choice at 2nd, 5-4 (Groundball, 15, EV 85.0 MPH)
Jake Johnson to third
Batting: RHB Jeremy Brennan 0-0: Ball
1-0: DOUBLE (Line Drive, 5D, EV 98.1 MPH)
Jake Johnson scores
Josh Battle to third
Runner from 3rd tries for Home, throw by LF and OUT! 7-6-2
Top of the 1st over - 1 run, 2 hits, 0 errors, 1 left on base; Harrisburg 1 - Bowie 0
BOTTOM OF THE 1ST
Bowie Baysox batting - Pitching for Harrisburg Senators : RHP Marc Corbin
Pitching: RHP Marc Corbin
Now in LF: Doug Davis
Batting: RHB Jon Hughes 0-0: Foul Ball, location: 3F
0-1: Ball
1-1: Foul Ball, location: 2F
1-2: Ball
2-2: Ball
3-2: SINGLE (Groundball, 6MS, EV 73.1 MPH) (infield hit)
Batting: RHB Micheal Stanford 0-0: Grounds into double play, 5-4-3 (Groundball, 56, EV 92.5 MPH)
Batting: RHB Arturo Reynoso 0-0: Ball
1-0: Ball
2-0: Ball
3-0: Called Strike
3-1: Base on Balls
Batting: LHB Ethan Wigton 0-0: Fly out, F7 (Flyball, 7S, EV 94.4 MPH)
Bottom of the 1st over - 0 runs, 1 hit, 0 errors, 1 left on base; Harrisburg 1 - Bowie 0
TOP OF THE 2ND
Harrisburg Senators batting - Pitching for Bowie Baysox : RHP Max Lockhart
Batting: RHB José Sousa 0-0: Fly out, F7 (Flyball, 7LD, EV 97.5 MPH)
Batting: RHB Stan Boone 0-0: Ball
1-0: Ball
2-0: Called Strike
2-1: Called Strike
2-2: SINGLE (Line Drive, 78S, EV 92.5 MPH)
Batting: RHB Enrico Rodríguez 0-0: Ball
1-0: Fielders Choice at 2nd, 3-6 (Groundball, 3, EV 80.0 MPH)
Batting: RHB Víctor Sánchez 0-0: Swinging Strike
0-1: Ball
1-1: Foul Ball, location: 9LSF
1-2: Ball
2-2: Ball
3-2: Foul Ball, location: 9LDF
3-2: Base on Balls
Enrico Rodríguez to second
Batting: RHB Jeff Lee 0-0: Ball
1-0: Ball
2-0: Called Strike
2-1: Foul Ball, location: 2RF
2-2: Strikes out swinging
Top of the 2nd over - 0 runs, 1 hit, 0 errors, 2 left on base; Harrisburg 1 - Bowie 0
BOTTOM OF THE 2ND
Bowie Baysox batting - Pitching for Harrisburg Senators : RHP Marc Corbin
Batting: RHB Chad Morris 0-0: Ball
1-0: Called Strike
1-1: Swinging Strike
1-2: Foul Ball, location: 9LSF
1-2: Hit by Pitch
Batting: LHB Robby Bennett 0-0: Ball
1-0: Called Strike
1-1: Ground out 4-3 (Groundball, 34, EV 106.9 MPH)
Chad Morris to second
Batting: RHB Brad Johnson 0-0: Foul Ball, location: 2F
0-1: Ground out 6-3 (Groundball, 6, EV 92.5 MPH)
Chad Morris to third
Batting: RHB Kevin Shepherd 0-0: Swinging Strike
0-1: Ground out 6-3 (Groundball, 4M, EV 83.1 MPH)
Bottom of the 2nd over - 0 runs, 0 hits, 0 errors, 1 left on base; Harrisburg 1 - Bowie 0
TOP OF THE 3RD
Harrisburg Senators batting - Pitching for Bowie Baysox : RHP Max Lockhart
Batting: RHB Jake Johnson 0-0: Foul Ball, location: 9LMF
0-1: Ground out 4-3 (Groundball, 34, EV 83.8 MPH)
Batting: RHB Esteban Gonzáles 0-0: Called Strike
0-1: Foul Ball, location: 9LDF
0-2: Ground out 1-3 (Groundball, 34S, EV 61.9 MPH)
Batting: LHB Doug Davis 0-0: Ball
1-0: Foul Ball, location: 23FF
1-1: Ball
2-1: Foul Ball, location: 3F
2-2: Ball
3-2: Ground out 6-3 (Groundball, 6, EV 85.6 MPH)
Top of the 3rd over - 0 runs, 0 hits, 0 errors, 0 left on base; Harrisburg 1 - Bowie 0
BOTTOM OF THE 3RD
Bowie Baysox batting - Pitching for Harrisburg Senators : RHP Marc Corbin
Batting: RHB Jeff Figgitt 0-0: Foul Ball, location: 5FF
0-1: Ball
1-1: Ball
2-1: Ball
3-1: Base on Balls
Batting: RHB Jon Hughes 0-0: Sac Bunt to 13 - play at first, batter OUT! 1-3
Jeff Figgitt to second
Batting: RHB Micheal Stanford 0-0: Called Strike
0-1: Ball
1-1: Foul Ball, location: 5DF
1-2: Ball
2-2: Ball
3-2: Foul Ball, location: 2F
3-2: Base on Balls
Batting: RHB Arturo Reynoso 0-0: Foul Ball, location: 5FF
0-1: Ball
1-1: Ball
2-1: Foul Ball, location: 5FF
2-2: Ball
3-2: Strikes out looking
Batting: LHB Ethan Wigton 0-0: Ground out U3 (Groundball, 3S, EV 82.5 MPH)
Bottom of the 3rd over - 0 runs, 0 hits, 0 errors, 2 left on base; Harrisburg 1 - Bowie 0
TOP OF THE 4TH
Harrisburg Senators batting - Pitching for Bowie Baysox : RHP Max Lockhart
Batting: RHB Jeremy Brennan 0-0: SINGLE (Flyball, 8RS, EV 90.6 MPH)
Batting: RHB José Sousa 0-0: Grounds into double play, 6-4-3 (Groundball, 56, EV 76.9 MPH)
Batting: RHB Stan Boone 0-0: Ball
1-0: Ground out 4-3 (Groundball, 4, EV 105.0 MPH)
Top of the 4th over - 0 runs, 1 hit, 0 errors, 0 left on base; Harrisburg 1 - Bowie 0
BOTTOM OF THE 4TH
Bowie Baysox batting - Pitching for Harrisburg Senators : RHP Marc Corbin
Batting: RHB Chad Morris 0-0: Ball
1-0: Ball
2-0: Ball
3-0: Called Strike
3-1: Fly out, F9 (Flyball, 9, EV 93.1 MPH)
Batting: LHB Robby Bennett 0-0: Called Strike
0-1: Ball
1-1: SINGLE (Line Drive, 5D, EV 94.4 MPH)
Batting: RHB Brad Johnson 0-0: Ball
1-0: SINGLE (Line Drive, 6D, EV 95.6 MPH)
Robby Bennett to second
Batting: RHB Kevin Shepherd 0-0: Ground out 5-3 (Groundball, 56S, EV 66.9 MPH)
Robby Bennett to third
Brad Johnson to second
Batting: RHB Jeff Figgitt 0-0: DOUBLE (Flyball, 8RD, EV 91.3 MPH)
Robby Bennett scores
Brad Johnson scores
Batting: RHB Jon Hughes 0-0: Called Strike
0-1: Foul Ball, location: 2F
0-2: Ball
1-2: Ball
2-2: Strikes out swinging
Bottom of the 4th over - 2 runs, 3 hits, 0 errors, 1 left on base; Harrisburg 1 - Bowie 2
TOP OF THE 5TH
Harrisburg Senators batting - Pitching for Bowie Baysox : RHP Max Lockhart
Batting: RHB Enrico Rodríguez 0-0: Ball
1-0: Fly out, F6 (Popup, 6M, EV 66.9 MPH)
Batting: RHB Víctor Sánchez 0-0: Ball
1-0: Called Strike
1-1: Ball
2-1: Foul Ball, location: 2F
2-2: Foul Ball, location: 2F
2-2: SINGLE (Groundball, 4D, EV 101.3 MPH)
Batting: RHB Jeff Lee 0-0: Ball
1-0: Called Strike
1-1: Ball
2-1: SINGLE (Groundball, 34S, EV 88.8 MPH) (infield hit)
Víctor Sánchez to second
Batting: RHB Jake Johnson 0-0: Fly out, F9 (Flyball, 9LM, EV 96.3 MPH)
Runner from 2nd tags up, SAFE at 3rd, no throw by RF
Batting: RHB Esteban Gonzáles 0-0: Called Strike
0-1: Ground out 5-3 (Groundball, 56S, EV 73.1 MPH)
Top of the 5th over - 0 runs, 2 hits, 0 errors, 2 left on base; Harrisburg 1 - Bowie 2
BOTTOM OF THE 5TH
Bowie Baysox batting - Pitching for Harrisburg Senators : RHP Marc Corbin
Batting: RHB Micheal Stanford 0-0: Called Strike
0-1: Swinging Strike
0-2: Ball
1-2: Strikes out swinging
Batting: RHB Arturo Reynoso 0-0: Ground out 3-1 (Groundball, 34, EV 83.1 MPH)
Batting: LHB Ethan Wigton 0-0: Called Strike
0-1: Ball
1-1: Ball
2-1: SOLO HOME RUN (Flyball, 89XD, EV 106.3 MPH), Distance : 397 ft
Batting: RHB Chad Morris 0-0: SINGLE (Line Drive, 3D, EV 105.6 MPH)
Batting: LHB Robby Bennett 0-0: Ball
1-0: Foul Ball, location: 9LDF
1-1: Ball
2-1: Ball
3-1: Base on Balls
Chad Morris to second
Batting: RHB Brad Johnson 0-0: Foul Ball, location: 5SF
0-1: Ball
1-1: Called Strike
1-2: Ground out 5-3 (Groundball, 56S, EV 81.9 MPH)
Bottom of the 5th over - 1 run, 2 hits, 0 errors, 2 left on base; Harrisburg 1 - Bowie 3
TOP OF THE 6TH
Harrisburg Senators batting - Pitching for Bowie Baysox : RHP Max Lockhart
Batting: LHB Doug Davis 0-0: Ball
1-0: Foul Ball, location: 7LSF
1-1: Called Strike
1-2: Strikes out swinging
Batting: RHB Jeremy Brennan 0-0: Ball
1-0: Called Strike
1-1: Swinging Strike
1-2: Ball
2-2: Foul Ball, location: 9LDF
2-2: Foul Ball, location: 7LSF
2-2: Ball
3-2: Base on Balls
Batting: RHB José Sousa 0-0: Ball
1-0: Ball
2-0: Ball
3-0: Called Strike
3-1: Fly out, F9 (Flyball, 89S, EV 92.5 MPH)
Batting: RHB Stan Boone 0-0: Ball
1-0: SINGLE (Line Drive, 4MD, EV 99.4 MPH)
Jeremy Brennan to second
Batting: RHB Enrico Rodríguez 0-0: Swinging Strike
0-1: Ball
1-1: Fly out, F3 (Popup, 3F, EV 81.3 MPH)
Top of the 6th over - 0 runs, 1 hit, 0 errors, 2 left on base; Harrisburg 1 - Bowie 3
BOTTOM OF THE 6TH
Bowie Baysox batting - Pitching for Harrisburg Senators : RHP Marc Corbin
Batting: RHB Kevin Shepherd 0-0: Ball
1-0: DOUBLE (Line Drive, 9LD, EV 99.4 MPH)
Batting: RHB Jeff Figgitt 0-0: Swinging Strike
0-1: Ground out 4-3 (Groundball, 4S, EV 88.1 MPH)
Kevin Shepherd to third
Pitching: RHP Israel Mendoza
Batting: RHB Jon Hughes 0-0: Swinging Strike
0-1: Ball
1-1: SINGLE (Groundball, 6MD, EV 98.8 MPH)
Kevin Shepherd scores
Batting: RHB Micheal Stanford 0-0: Called Strike
Jon Hughes steals 2nd base
0-1: Called Strike
0-2: Strikes out swinging
Batting: RHB Arturo Reynoso 0-0: Fly out, F7 (Flyball, 7D, EV 92.5 MPH)
Bottom of the 6th over - 1 run, 2 hits, 0 errors, 1 left on base; Harrisburg 1 - Bowie 4
TOP OF THE 7TH
Harrisburg Senators batting - Pitching for Bowie Baysox : RHP Max Lockhart
Batting: RHB Víctor Sánchez 0-0: Foul Ball, location: 2F
0-1: Ball
1-1: Fly out, F7 (Flyball, 78S, EV 93.1 MPH)
Batting: RHB Jeff Lee 0-0: Ball
1-0: Ball
2-0: Fly out, F8 (Flyball, 8RXD, EV 91.3 MPH)
Batting: RHB Jake Johnson 0-0: Called Strike
0-1: Called Strike
0-2: Ball
1-2: Ground out 6-3 (Groundball, 6, EV 101.9 MPH)
Top of the 7th over - 0 runs, 0 hits, 0 errors, 0 left on base; Harrisburg 1 - Bowie 4
BOTTOM OF THE 7TH
Bowie Baysox batting - Pitching for Harrisburg Senators : RHP Israel Mendoza
Batting: LHB Ethan Wigton 0-0: Foul Ball, location: 7LSF
0-1: Foul Ball, location: 2F
0-2: Ball
1-2: Ball
2-2: SINGLE (Groundball, 34D, EV 84.4 MPH) (infield hit)
Batting: RHB Chad Morris 0-0: Ball
1-0: Ball
2-0: Fly out, F9 (Flyball, 9, EV 88.1 MPH)
Batting: LHB Robby Bennett 0-0: Ball
1-0: Swinging Strike
1-1: Swinging Strike
1-2: Fly out, F7 (Flyball, 7LS, EV 88.8 MPH)
Batting: RHB Brad Johnson 0-0: Ball
1-0: Swinging Strike
1-1: Swinging Strike
1-2: Ball
2-2: Foul Ball, location: 2F
2-2: Foul Ball, location: 25FF
2-2: Ball
3-2: Foul Ball, location: 9LSF
3-2: Foul Ball, location: 7LMF
3-2: Base on Balls
Ethan Wigton to second
Batting: RHB Kevin Shepherd 0-0: Called Strike
0-1: Ball
1-1: Called Strike
1-2: Ball
2-2: Ball
3-2: Strikes out swinging
Bottom of the 7th over - 0 runs, 1 hit, 0 errors, 2 left on base; Harrisburg 1 - Bowie 4
TOP OF THE 8TH
Harrisburg Senators batting - Pitching for Bowie Baysox : RHP Max Lockhart
Pitching: RHP Cisco Gutiérrez
Batting: RHB Esteban Gonzáles 0-0: Ball
1-0: Fly out, F8 (Line Drive, 8RM, EV 96.9 MPH)
Batting: LHB Doug Davis 0-0: Ball
1-0: Ball
2-0: Foul Ball, location: 3FF
2-1: Ball
3-1: Hit by Pitch
Batting: RHB Jeremy Brennan 0-0: Called Strike
0-1: Called Strike
0-2: Ball
1-2: Foul Ball, location: 2F
1-2: Strikes out swinging
Pinch Hitting: LHB José Esparza 0-0: Ball
1-0: Ball
2-0: Called Strike
2-1: DOUBLE (Flyball, 78XD, EV 91.3 MPH)
Doug Davis to third
Batting: RHB Stan Boone 0-0: Foul Ball, location: 25F
0-1: Ball
1-1: Swinging Strike
1-2: Foul Ball, location: 2F
1-2: Ball
2-2: Strikes out swinging
Top of the 8th over - 0 runs, 1 hit, 0 errors, 2 left on base; Harrisburg 1 - Bowie 4
BOTTOM OF THE 8TH
Bowie Baysox batting - Pitching for Harrisburg Senators : RHP Israel Mendoza
Pitching: RHP Phil Morris
Now in RF: José Esparza
Batting: RHB Jeff Figgitt 0-0: Swinging Strike
0-1: Ball
1-1: Swinging Strike
1-2: Ball
2-2: Strikes out looking
Batting: RHB Jon Hughes 0-0: Called Strike
0-1: Foul Ball, location: 2F
0-2: Foul Ball, location: 9LMF
0-2: Foul Ball, location: 2F
0-2: Ball
1-2: Ground out 6-3 (Groundball, 6, EV 108.1 MPH)
Batting: RHB Micheal Stanford 0-0: Ball
1-0: Ball
2-0: Called Strike
2-1: Ball
3-1: SINGLE (Line Drive, 4MD, EV 110.6 MPH)
Batting: RHB Arturo Reynoso 0-0: Ball
1-0: Ball
2-0: Ball
3-0: Base on Balls
Micheal Stanford to second
Batting: LHB Ethan Wigton 0-0: Swinging Strike
0-1: Swinging Strike
0-2: Ball
1-2: Ball
2-2: Strikes out swinging
Bottom of the 8th over - 0 runs, 1 hit, 0 errors, 2 left on base; Harrisburg 1 - Bowie 4
TOP OF THE 9TH
Harrisburg Senators batting - Pitching for Bowie Baysox : RHP Cisco Gutiérrez
Pitching: RHP Luis López
Now in LF: Robby Bennett
Now in RF: Wilson Medina
Batting: RHB Enrico Rodríguez 0-0: Ball
1-0: Ball
2-0: Ball
3-0: Called Strike
3-1: Called Strike
3-2: Ground out 2-3 (Groundball, 15S, EV 71.3 MPH)
Batting: RHB Víctor Sánchez 0-0: Ball
1-0: Foul Ball, location: 5FF
1-1: Called Strike
1-2: Ball
2-2: Ball
3-2: Foul Ball, location: 9LMF
3-2: Strikes out looking
Batting: RHB Jeff Lee 0-0: Ball
1-0: Ground out 6-3 (Groundball, 6, EV 105.6 MPH)
Top of the 9th over - 0 runs, 0 hits, 0 errors, 0 left on base; Harrisburg 1 - Bowie 4
Monday, April 1st , 2024 - OOTP Baseball 24.10 Build 82